 Dungeon Crawl Stone Soup version 0.27.0-65-ge2af304b15 (webtiles) character file.

Game seed: 5767080656159211267

18 ZARRMARR the Chopper (level 2, -1/27 HPs)
             Began as a Hill Orc Monk on Aug 18, 2021.
             Slain by a gnoll (3 damage)
             ... on level 1 of the Dungeon.
             The game lasted 00:02:38 (649 turns).

ZARRMARR the Chopper (Hill Orc Monk)                 Turns: 649, Time: 00:02:38

Health: -1/27      AC:  4    Str: 13    XL:     2   Next: 70%
Magic:  2/2        EV: 12    Int: 10    God:
Gold:   34         SH:  0    Dex: 13    Spells: 1/1 levels left

rFire    . . .     SeeInvis .   a - +0 hand axe
rCold    . . .     Faith    .   (no shield)
rNeg     . . .     Spirit   .   b - +0 robe
rPois    .         Reflect  .   (no helmet)
rElec    .         Harm     .   i - +1 cloak
rCorr    .         Rampage  .   (no gloves)
Will     .....                  (no boots)
Stlth    ++........             (no amulet)
HPRegen  0.09/turn              (no ring)
MPRegen  0.08/turn              (no ring)

@: no status effects
A: no striking features
a: no special abilities


You were on level 1 of the Dungeon.
You visited 1 branch of the dungeon, and saw 1 of its levels.

You collected 34 gold pieces.

Inventory:

Hand Weapons
 a - a +0 hand axe (weapon)
Armour
 b - a +0 robe (worn)
 i - a +1 cloak (worn)
Scrolls
 c - a scroll of enchant armour {unknown}
 f - a scroll of teleportation {unknown}
 h - a scroll of brand weapon {unknown}
Potions
 d - a potion of magic {unknown}
 e - a potion of brilliance {unknown}
 g - 2 potions of flight {unknown}


   Skills:
 + Level 3.9 Fighting
 + Level 4.7 Axes
 + Level 2.5 Dodging
 + Level 1.6 Stealth


You had one spell level left.
You didn't know any spells.
Your spell library was empty.

Dungeon Overview and Level Annotations

Branches:
Dungeon (1/15)

Altars:


Message History

Found a stone staircase leading down.
A gnoll comes into view. It is wielding a +0 spear.
The gnoll shouts!
You hear a shout!
A rat comes into view.
There is a stone staircase leading down here.
A goblin comes into view. It is wielding a +0 club.
The goblin shouts!
The gnoll completely misses you.
You closely miss the gnoll. The gnoll hits you with a +0 spear.
The rat misses you. The gnoll hits you with a +0 spear!
You barely miss the gnoll. You hit the rat but do no damage.
The gnoll hits you but does no damage. The rat completely misses you.
You closely miss the gnoll. You hit the rat. The gnoll barely misses you.
The rat barely misses you.
You hit the gnoll.
The gnoll is lightly wounded.
You hit the rat.
You kill the rat!
The gnoll closely misses you.
You hit the gnoll.
The gnoll is moderately wounded.
You barely miss the goblin. The gnoll hits you with a +0 spear.
The goblin hits you with a +0 club.
You hit the gnoll.
The gnoll is severely wounded.
You closely miss the goblin. The gnoll hits you with a +0 spear.
* * * LOW HITPOINT WARNING * * *
The goblin barely misses you. The gnoll barely misses you.
There is a stone staircase leading down here.
You closely miss the goblin. The goblin barely misses you.
The gnoll closely misses you.
You closely miss the goblin. The goblin closely misses you.
The gnoll closely misses you.
You completely miss the goblin. The goblin barely misses you.
The gnoll hits you from afar with a +0 spear.
* * * LOW HITPOINT WARNING * * *
You closely miss the goblin. The goblin closely misses you.
The gnoll hits you from afar with a +0 spear.
You die...

..8.......##.###.#
.+.≈..≈<≈..
......8...##..##.#
##.≈≈...≈≈.
..8.).....###.##.#
#..≈≈≈≈≈..
......##.........#
#≈..≈≈≈..≈
#...###..........#
#≈≈.....≈≈
######...........#
##≈≈≈≈≈≈≈≈
#.............#
#########
#.....######..#
#.....# ##@# #.....#
#g# ####.....###
#g#####
...'.........###>....#
.###.....#####...###.#
..##.....# #.†.#
..######## #...# ..#
#...# ..# #...#


You could see a gnoll and a goblin.

Vanquished Creatures
  A dart slug (D:1)
  A ball python (D:1)
  A bat (D:1)
  2 endoplasms (D:1)
  A goblin (D:1)
  2 jackals (D:1)
  2 kobolds (D:1)
  A quokka (D:1)
  A frilled lizard (D:1)
  3 rats (D:1)
15 creatures vanquished.

Notes
Turn   | Place    | Note
-------+----------+-------------------------------------------
     0 | D:1      | ZARRMARR the Hill Orc Monk began the quest for the Orb.
     0 | D:1      | Reached XP level 1. HP: 19/19 MP: 1/1
   311 | D:1      | Reached XP level 2. HP: 27/27 MP: 2/2
   586 | D:1      | Found a faded altar of an unknown god.
   649 | D:1      | Slain by a gnoll

Illustrated notes

Levels and vault maps discovered:
D:1:      psy_arrival_whirlpool, layout_basic,
          hellmonk_ecumenical_altar_prayer_group

Action                   || total
-------------------------++-------
Melee: Hand axe          ||    49
 Stab: Sleeping          ||     2
Armor: Robe              ||    11
Dodge: Dodged            ||    35
